 Dungeon Crawl Stone Soup version 0.29-a0-194-g6e3aafee17 (webtiles) character file.

Game seed: 17609712635226189914

226 cyrus the Chopper (level 6, -5/53 HPs)
             Began as a Hill Orc Fighter on Feb 22, 2022.
             Was an Initiate of Beogh.
             Killed from afar by an oklob plant (12 damage)
             ... with a splash of acid
             ... created by the enmity of Fedhas Madash
             ... on level 4 of the Dungeon.
             The game lasted 00:07:07 (4205 turns).

cyrus the Chopper (Hill Orc Fighter)                Turns: 4205, Time: 00:07:07

Health: -5/53      AC:  7    Str: 19    XL:     6   Next: 1%
Magic:  6/6        EV:  9    Int: 10    God:    Beogh [......]
Gold:   212        SH:  4    Dex: 10    Spells: 5/5 levels left

rFire   . . .      SeeInvis .   a - +0 war axe
rCold   . . .      Faith    .   c - +0 buckler
rNeg    . . .      Spirit   .   b - +0 scale mail
rPois   .          Reflect  .   (no helmet)
rElec   .          Harm     .   i - scarf {shadows}
rCorr   .          Rampage  .   (no gloves)
Will    .....                   (no boots)
Stlth   ..........              f - amulet of the acrobat
HPRegen 0.17/turn               h - +4 ring of protection
MPRegen 0.10/turn               (no ring)

@: corroded
A: no striking features
a: Renounce Religion


You were on level 4 of the Dungeon.
You worshipped Beogh.
Beogh was noncommittal.
You visited 1 branch of the dungeon, and saw 4 of its levels.

You collected 212 gold pieces.

Inventory:

Hand Weapons
 a - a +0 war axe (weapon)
Armour
 b - a +0 scale mail (worn)
 c - a +0 buckler (worn)
 i - a scarf of shadows (worn)
Jewellery
 f - an amulet of the acrobat (around neck)
 h - a +4 ring of protection (left hand)
Scrolls
 e - a scroll of immolation {unknown}
 g - 4 scrolls of identify {unknown}
 j - 3 scrolls of brand weapon {unknown}
 k - a scroll of vulnerability {unknown}
 p - a scroll of enchant weapon {unknown}
 q - a scroll of amnesia {unknown}
 r - a scroll of teleportation {unknown}
Potions
 d - a potion of haste {unknown}
 l - a potion of brilliance {unknown}
 m - a potion of lignification {unknown}
 n - a potion of heal wounds {unknown}
 o - a potion of flight {unknown}
 s - 2 potions of attraction {unknown}


   Skills:
 + Level 4.5 Fighting
 + Level 5.1 Axes
 + Level 4.5 Armour
 + Level 1.1 Dodging
 + Level 0.4 Stealth
 + Level 4.0 Shields


You had 5 spell levels left.
You didn't know any spells.
Your spell library contained the following spells:

 Spells                   Type           Power      Damage    Failure   Level
 Freeze                   Ice            0%         1d3       80%         1
 Frozen Ramparts          Ice            0%         1d2       99%         3
 Hailstorm                Conj/Ice       0%         3d3       100%        4


Dungeon Overview and Level Annotations

Branches:
Dungeon (4/15)
 Temple: D:4-7

Altars:
Fedhas

Annotations:
D:4 exclusion: 2 oklob plants


Message History

The giant cockroach is severely wounded.
The giant cockroach misses you. You block the giant cockroach's attack.
You hit the giant cockroach.
You kill the giant cockroach!
Beogh accepts your kill.
You now have 212 gold pieces (gained 14).
Okay, then.
HP restored.
Plants grow around you in an ominous manner.
Marking area around 2 oklob plants as unsafe for travelling. 2 oklob plants come into view.
You hit the oklob plant.
The oklob plant is lightly damaged.
You hit the oklob plant.
The oklob plant is lightly damaged.
You hit the oklob plant but do no damage.
The oklob plant is lightly damaged.
You slash the oklob plant!
The oklob plant is moderately damaged.
The oklob plant spits acid at you. You block the splash of acid.
You slash the oklob plant!
The oklob plant is heavily damaged.
An endoplasm comes into view.
The oklob plant spits acid at you. The splash of acid hits you!!
Ouch! That really hurt!
You hit the oklob plant.
The oklob plant is heavily damaged.
The oklob plant spits acid at you. The splash of acid hits you!!
* * * LOW HITPOINT WARNING * * *
The acid corrodes you!
You hit the oklob plant.
The oklob plant is heavily damaged.
You hit the oklob plant but do no damage.
The oklob plant is heavily damaged.
The oklob plant spits acid at you. The splash of acid hits you!
You die...

###.#### #......#
#...##.# ..$ #.#.##.#
..# #.# #...##.# #J#
#.### #..###.# #f# #...#
##......# #P# #...+
#......####
#.#####..##+#
#.#.##....###
#@..........#
#.........# #.P......#
####....#.#
########.####
#.#.##.#####..........#
...#..........###.####.#
###.####.####### #.# #
#.####.# #.# #....).#
#.# ######## #.#


You could see 2 oklob plants, a wandering mushroom and an endoplasm.

Vanquished Creatures
  A necrophage (D:4)
  Jessica (D:2)
  Ijyb (D:3)
  3 gnolls (D:3)
  2 adders (D:2)
  An adder skeleton (D:4)
  A worm (D:4)
  A dart slug (D:2)
  2 orcs
  3 ball pythons
  3 endoplasms
  2 giant cockroaches
  2 goblins (D:2)
  A hobgoblin (D:2)
  3 quokkas
  4 bats
  2 frilled lizards
  3 kobolds
  3 rats
39 creatures vanquished.

Vanquished Creatures (others)
  An endoplasm (D:3)
1 creature vanquished.

Grand Total: 40 creatures vanquished

Notes
Turn   | Place    | Note
-------+----------+-------------------------------------------
     0 | D:1      | cyrus the Hill Orc Fighter began the quest for the Orb.
     0 | D:1      | Reached XP level 1. HP: 19/19 MP: 1/1
   205 | D:1      | Noticed a floating eye
   207 | D:1      | Found a faded altar of an unknown god.
   240 | D:1      | Noticed an eye of devastation
   242 | D:1      | Noticed a golden eye
   242 | D:1      | Noticed a great orb of eyes
   247 | D:1      | Prayed at the altar of an unknown god.
   247 | D:1      | Became a worshipper of Fedhas Madash
   247 | D:1      | Reached * piety under Fedhas
   774 | D:2      | Reached XP level 2. HP: 19/27 MP: 2/2
  1133 | D:2      | Noticed Jessica
  1142 | D:2      | Killed Jessica
  1143 | D:2      | Reached skill level 3 in Axes
  1143 | D:2      | Reached XP level 3. HP: 25/33 MP: 3/3
  1592 | D:2      | Reached XP level 4. HP: 40/40 MP: 4/4
  1990 | D:3      | Fell from the grace of Fedhas
  1990 | D:3      | Became a worshipper of Beogh the Brigand
  2467 | D:3      | Reached skill level 4 in Axes
  2781 | D:3      | Noticed Ijyb
  2802 | D:3      | Killed Ijyb
  2803 | D:3      | Reached XP level 5. HP: 46/47 MP: 5/5
  4112 | D:4      | Noticed a necrophage
  4129 | D:4      | Killed a necrophage
  4130 | D:4      | Reached skill level 5 in Axes
  4130 | D:4      | Reached skill level 1 in Dodging
  4130 | D:4      | Reached XP level 6. HP: 41/53 MP: 6/6
  4198 | D:4      | Noticed an oklob plant
  4198 | D:4      | Noticed an oklob plant
  4198 | D:4      | Noticed a wandering mushroom
  4205 | D:4      | Killed from afar by an oklob plant

Illustrated notes

Levels and vault maps discovered:
D:1:      minmay_arrival_hallway, layout_loops_ring,
          hellmonk_ecumenical_altar_watching_god, feat_on_display
D:2:      layout_loops_ring, kennysheep_generic_room_10, uniq_jessica
D:3:      layout_basic, uniq_ijyb
D:4:      minmay_clustersquares, layout_loops_cross,
          minmay_temple_entry_offerings, serial_shops,
          nicolae_shop_behind_doors, supply_closet_lemuel, uniq_grinder

Skill      XL: |  1  2  3  4  5 |
---------------+----------------+-----
Fighting       | 4 |  4.5
Axes           | 3 4 5 |  5.1
Armour         | 4 |  4.5
Dodging        | 1 |  1.1
Shields        | 4 |  4.0
Stealth        | |  0.4

Action                   |  1- 3 |  4- 6 || total
-------------------------+-------+-------++-------
Melee: War axe           |    66 |    75 ||   141
Invok: Convert to Beogh  |       |     1 ||     1
  Use: Potion            |     1 |     1 ||     2
Armor: Scale mail        |    43 |    34 ||    77
Dodge: Dodged            |    51 |    41 ||    92
Block: Buckler           |    30 |    20 ||    50

Table legend: (Time is in decaauts)
 A = Elapsed time spent in this place.
 B = Non-inter-level travel time spent in this place.
 C = Inter-level travel time spent in this place.
 D = Time resting spent in this place.
 E = Time spent auto-exploring this place.
 F = Levels seen in this place.
 G = Mean time per level.
                   A        B        C        D        E       F      G
               +--------+--------+--------+--------+--------+-----+--------+
         Total |   4261 |   4123 |    138 |   1537 |   1936 |   4 | 1065.2 |
       Dungeon |   4261 |   4123 |    138 |   1537 |   1936 |   4 | 1065.2 |
               +--------+--------+--------+--------+--------+-----+--------+

Top non-repeatable levels by time:
     D:3: 2013 daAuts
     D:2: 1257 daAuts
     D:1: 757 daAuts
     D:4: 233 daAuts
